 Dungeon Crawl Stone Soup version 0.25-a0-365-g7600c65aa0 (webtiles) character file.

Game seed: 4404834272294227152, levelgen mode: deterministic

70 Essalna the Magician (level 4, -1/32 HPs)
             Began as a Mummy Summoner on Jan 5, 2020.
             Slain by a gnoll (6 damage)
             ... on level 3 of the Dungeon.
             The game lasted 00:09:23 (2817 turns).

Essalna the Magician (Mummy Summoner)               Turns: 2817, Time: 00:09:23

Health: -1/32      AC:  4    Str: 11    XL:     4   Next: 3%
Magic:  7/9        EV: 11    Int: 15    God:
Gold:   227        SH:  3    Dex: 12    Spells: 9/10 levels left

rFire    x . .     SeeInvis .   h - +2 dagger (speed)
rCold    + . .     Gourm    .   i - +0 buckler
rNeg     + + +     Faith    .   a - +0 robe
rPois    ∞         Spirit   .   (no helmet)
rElec    .         Reflect  .   (no cloak)
rCorr    .         Harm     .   (no gloves)
MR       .....                  (no boots)
Stlth    ++........             (no amulet)
HPRegen  0.10/turn              b - +2 ring of protection
MPRegen  0.11/turn              g - ring of positive energy

@: no status effects
A: no food or potions, fire vulnerability, cold resistance 1, negative energy
resistance 3, torment resistance, unbreathing
a: no special abilities


You were on level 3 of the Dungeon.
You were not hungry.

You visited 1 branch of the dungeon, and saw 4 of its levels.

You collected 227 gold pieces.

Inventory:

Hand Weapons
 d - a +0 hand axe
 h - a +2 dagger of speed (weapon)
 j - a +1 dagger of speed
Armour
 a - a +0 robe (worn)
 i - a +0 buckler (worn)
Jewellery
 b - a +2 ring of protection (left hand)
 g - a ring of positive energy (right hand)
Scrolls
 c - 7 scrolls of identify {unknown}
 e - 2 scrolls of teleportation {unknown}
 f - a scroll of magic mapping {unknown}
 k - 2 scrolls of remove curse {unknown}
 l - 2 scrolls of enchant weapon {unknown}
 m - a scroll of fog {unknown}


   Skills:
 + Level 1.2 Fighting
 - Level 1.5 Dodging
 - Level 1.5 Stealth
 + Level 0.9 Shields
 + Level 3.8 Spellcasting
 + Level 3.8 Summonings


You had 9 spell levels left.
You knew the following spells:

 Your Spells              Type           Power        Failure   Level  Hunger
a - Summon Small Mammal   Summ           ##..         5%          1    N/A

Your spell library contained the following spells:

 Spells                   Type           Power        Failure   Level  Hunger
 Call Imp                 Summ           ##......     9%          2    N/A
 Call Canine Familiar     Summ           ##......     17%         3    N/A
 Summon Guardian Golem    Hex/Summ       #.......     36%         3    N/A
 Summon Ice Beast         Ice/Summ       #.......     77%         4    N/A
 Summon Lightning Spire   Summ/Air       #.......     77%         4    N/A

Dungeon Overview and Level Annotations

Branches:
Dungeon (4/15)
 Temple: D:4-7

Altars:
Fedhas
Hepliaklqana
Makhleb
Uskayaw


Innate Abilities, Weirdness & Mutations

You do not eat or drink.
Your flesh is vulnerable to fire.
You are immune to poison.
Your flesh is cold resistant. (rC+)
You are immune to negative energy. (rN+++)
You are immune to unholy pain and torment.
You can survive without breathing.


Message History

You climb upwards.
There is a stone staircase leading down here.
Casting: Summon Small Mammal (safe; 5% risk of failure)
Confirm with . or Enter, or press ? or * to list all spells.
The gnoll hits you.
* * * LOW HITPOINT WARNING * * *
You swap places.
Your bat hits the gnoll. The gnoll barely misses your bat.
You are no longer glowing.
Your bat barely misses the gnoll.
The gnoll is no longer moving quickly.
Your bat completely misses the gnoll.
The gnoll hits you but does no damage.
Your bat barely misses the gnoll.
Your bat hits the gnoll.
Casting: Summon Small Mammal (safe; 5% risk of failure)
Confirm with . or Enter, or press ? or * to list all spells.
Your bat hits the gnoll.
Your rat barely misses the gnoll.
Your bat hits the gnoll but does no damage.
Your bat closely misses the gnoll.
The gnoll hits you.
You die...

....#
#.........###..#
##### ##
#.............## #8##
#........>##### #8..
...8##.).......#
#....
....##.........#
_....
....>#.........#
#....
....##.........#
#8...
...8##÷(..bgr..# ##_#
#8# #....@....#
###########..########
##.#...##........#
...###....##....##
.............####
...####......#
...#........##
........#...#
....#.####..#


You could see a gnoll, a friendly bat and a friendly rat.

Vanquished Creatures
  An adder (D:2)
  An orc (D:3)
  2 giant cockroaches
  5 jackals (D:1)
  4 kobolds
  A quokka (D:2)
  3 ball pythons
  A bat (D:2)
  4 goblins
  5 rats
27 creatures vanquished.

Vanquished Creatures (collateral kills)
  An orc priest (D:3)
  A gnoll (D:4)
  A worm (D:2)
  4 orcs (D:3)
  2 giant cockroaches (D:3)
  A goblin (D:1)
  A jackal (D:1)
  A kobold (D:3)
  2 frilled lizards (D:3)
  A rat (D:3)
15 creatures vanquished.

Grand Total: 42 creatures vanquished

Notes
Turn   | Place    | Note
-------+----------+-------------------------------------------
     0 | D:1      | Essalna the Mummy Summoner began the quest for the Orb.
     0 | D:1      | Reached XP level 1. HP: 13/13 MP: 4/4
   242 | D:1      | Reached XP level 2. HP: 14/19 MP: 6/6
   817 | D:2      | Found a burning altar of Makhleb.
  1470 | D:2      | Found a faded altar of an unknown god.
  1612 | D:2      | Reached XP level 3. HP: 24/25 MP: 4/8
  2135 | D:3      | Reached skill level 1 in Fighting
  2464 | D:3      | Found a blossoming altar of Fedhas.
  2503 | D:3      | Found a hazy altar of Hepliaklqana.
  2511 | D:3      | Found a hide-covered altar of Uskayaw.
  2775 | D:4      | Noticed an ogre
  2777 | D:4      | Reached XP level 4. HP: 32/32 MP: 4/9
  2817 | D:3      | Slain by a gnoll

Levels and vault maps discovered:
D:1:      evilmike_arrival_crescent, layout_loops_ring, st_stairs_4
D:2:      layout_loops_ring, chequers_ecumenical_altar_island, bloody_makhleb
D:3:      layout_rooms, nicolae_overflow_crystal_walls,
          nicolae_overflow_hidden_temple, feat_on_display
D:4:      layout_basic, lemuel_crystal_altar, uniq_blork_the_orc

Skill      XL: |  1  2  3 |
---------------+----------+-----
Spellcasting   | 3 |  3.8
Fighting       | 1 |  1.2
Dodging        | |  1.5
Stealth        | |  1.5
Shields        | |  0.9
Summonings     | |  3.8

Action                   |  1- 3 |  4- 6 || total
-------------------------+-------+-------++-------
Melee: Hand axe          |    51 |       ||    51
       Dagger            |    77 |       ||    77
 Cast: Summon Small Mamm |    80 |     2 ||    82
 Stab: Sleeping          |     3 |       ||     3
       Distracted        |     1 |       ||     1
Armor: Robe              |    38 |     3 ||    41
Dodge: Dodged            |    72 |     7 ||    79
Block: Buckler           |     8 |     3 ||    11

Table legend:
 A = Non-vault XP
 B = Vault XP
 C = Vault XP percentage of total XP
 D = Non-vault monster count
 E = Vault monster count
 F = Vault count percentage of total count
                 A         B        C        D         E       F
            +---------+---------+-------+---------+---------+-------
      Total |      97 |       3 |   3.0 |      40 |       2 |   4.8
            +---------+---------+-------+---------+---------+-------
        D:1 |      16 |       3 |  15.8 |      11 |       2 |  15.4
        D:2 |      27 |       0 |   0.0 |      11 |       0 |   0.0
        D:3 |      46 |       0 |   0.0 |      17 |       0 |   0.0
        D:4 |       8 |       0 |   0.0 |       1 |       0 |   0.0
            +---------+---------+-------+---------+---------+-------
